 Dungeon Crawl Stone Soup version 0.27-a0-1200-g94dc6ad4cf (webtiles) character file.

Game seed: 5542277860287030250

161 olXor the Insei (level 5, 0/37 HPs)
             Began as a Djinni Transmuter on June 1, 2021.
             Slain by a scorpion (4 damage)
             ... on level 4 of the Dungeon.
             The game lasted 00:29:54 (5131 turns).

olXor the Insei (Djinni Transmuter)                 Turns: 5131, Time: 00:29:55

Health: 0/37       AC:  2    Str:  6 (9)  XL:     5   Next: 70%
Gold:   57         EV: 12    Int: 11 (14) God:
                   SH:  0    Dex: 14 (15)

rFire    + + .     SeeInvis .     - Unarmed
rCold    x . .     Faith    .   (no shield)
rNeg     . . .     Spirit   .   a - +0 robe
rPois    ∞         Reflect  .   (helmet currently unavailable)
rElec    .         Harm     .   (no cloak)
rCorr    .         Rampage  .   (no gloves)
Will     .....                  (boots unavailable)
Stlth    +.........             (no amulet)
HPRegen  0.12/turn              (no ring)
MPRegen  0.00/turn              (no ring)

@: appendages (expiring), attractive, flying
A: horns 2, flying, sickness immunity, fire resistance 2, cold vulnerability 1,
float, innate caster, hp casting, extra vitality 1
a: End Transformation


You were on level 4 of the Dungeon.
You had temporarily grown beastly horns.
You visited 1 branch of the dungeon, and saw 4 of its levels.

You collected 57 gold pieces.

Inventory:

Missiles
 e - 27 stones
 h - 11 poisoned darts (quivered)
Armour
 a - a +0 robe (worn)
 b - a +0 leather armour
Scrolls
 g - a scroll of identify {unknown}
 j - a scroll of brand weapon {unknown}


   Skills:
 - Level 1.0 Fighting
 - Level 2.1 Dodging
 + Level 5.3 Unarmed Combat
 + Level 2.4 Spellcasting


You couldn't memorise any spells.
You knew the following spells:

 Your Spells              Type           Power      Damage    Failure   Level
a - Beastly Appendage     Tmut           12%        N/A       10%         1
b - Poisonous Vapours     Pois/Air       12%        N/A       16%         2
c - Spider Form           Tmut/Pois      3%         N/A       30%         3
d - Ice Form              Ice/Tmut       6%         N/A       69%         4
e - Hydra Form            Tmut           3%         N/A       95%         5
f - Wereblood             Tmut           6%         N/A       16%         2
g - Corona                Hex            6%         N/A       10%         1
Your spell library was empty.

Dungeon Overview and Level Annotations

Branches:
Dungeon (4/15)
 Temple: D:4-7

Altars:
Beogh

Annotations:
D:3 3 runed translucent doors, Vylera's ghost, amateur DjWn


Innate Abilities, Weirdness & Mutations

You have temporarily grown beastly horns.
You are flying.
You are immune to sickness and miasma.
You are immune to poison.
Your flesh is very heat resistant. (rF++)
You are vulnerable to cold. (rC-)
You float through the air rather than walking.
You learn spells naturally, not from books.
Your magical power is your life essence.
You have superior vitality. (+4 HP)


Message History

You start resting.
A scorpion is nearby!
Casting: Beastly Appendage (safe; 9% risk of failure)
Confirm with . or Enter, or press ? or * to list all spells.
Aiming: Poisonous Vapours (safe; 12% risk of failure)
Press: ? - help, Dir - move target, f - scorpion
Aim: a scorpion (wandering, hasn't noticed you) Poisonous vapours surround the scorpion!
The scorpion is engulfed in poison gas.
The scorpion is poisoned.
Casting: Poisonous Vapours (safe; 12% risk of failure)
Confirm with . or Enter, or press ? or * to list all spells.
You grow a pair of large bovine horns.
The scorpion stings you!
You closely miss the scorpion. You headbutt the scorpion.
The scorpion is moderately wounded.
The scorpion closely misses you.
You hit the scorpion but do no damage.
The scorpion is heavily wounded.
The scorpion stings you!
The scorpion looks more healthy.
The scorpion stings you.
* * * LOW HITPOINT WARNING * * *
You hit the scorpion but do no damage. You punch the scorpion.
The scorpion is almost dead.
The scorpion stings you!
* * * LOW HITPOINT WARNING * * *
It was a potion of degeneration.
There was something very wrong with that liquid.
You feel weakened.
You feel dopey.
You feel clumsy.
Your transformation is almost over.
The scorpion closely misses you.
It was a potion of attraction.
You feel attractive to monsters. The scorpion closely misses you.
As you read the scroll labelled JUDAOPT LEUWUH, it crumbles to dust.
It is a scroll of enchant weapon.
You aren't carrying any weapons that can be enchanted.
The scorpion barely misses you. x2
As you read the scroll labelled UZXOS GIYRAODOSCHI, it crumbles to dust.
You hear a loud clanging noise!
It was a scroll of noise.
The scorpion stings you.
You die...

.............#
..........##.#
..#.#####....#
.............#
..<...###..#.#
########
.#.....<...#.#
#...†..#
#......#..#.#
#.###.##
#.#.##....#.#####.#
#.#
#......####....@s.#
#.# #.#.##.#
######### #.#
#.#.#### #..l...(.#
#.#.. .s.......#
#.. .......... #.
#........#.
#######....# #.## #
#..


You could see a scorpion.

Vanquished Creatures
  A bullfrog zombie (D:3)
  An iguana (D:4)
  A hound skeleton (D:4)
  2 adders (D:3)
  A dart slug (D:2)
  6 bats
  7 endoplasms
  6 giant cockroaches
  6 goblins
  7 hobgoblins
  8 jackals
  2 quokkas
  7 ball pythons
  A frilled lizard (D:2)
  3 kobolds
  3 rats
62 creatures vanquished.

Notes
Turn   | Place    | Note
-------+----------+-------------------------------------------
     0 | D:1      | olXor the Djinni Transmuter began the quest for the Orb.
     0 | D:1      | Reached XP level 1. HP: 17/17 MP: 0/0
   300 | D:1      | Reached XP level 2. HP: 11/22 MP: 0/0
  1377 | D:1      | Reached skill level 4 in Unarmed Combat
  1377 | D:1      | Reached XP level 3. HP: 25/27 MP: 0/0
  1377 | D:1      | Learned a level 1 spell: Corona
  2962 | D:2      | Reached XP level 4. HP: 27/32 MP: 0/0
  3986 | D:3      | Found a runed translucent gate.
  3986 | D:3      | Found a runed translucent gate.
  3986 | D:3      | Found a runed translucent gate.
  4000 | D:3      | Noticed Vylera's ghost (amateur DjWn)
  4002 | D:3      | Identified the +3 ring mail of Polish {Harm Rampage}
  4119 | D:3      | Found a faded altar of an unknown god.
  4152 | D:3      | Reached skill level 5 in Unarmed Combat
  4152 | D:3      | Reached XP level 5. HP: 33/37 MP: 0/0
  4152 | D:3      | Learned a level 2 spell: Poisonous Vapours
  5131 | D:4      | Slain by a scorpion

Illustrated notes

Levels and vault maps discovered:
D:1:      minmay_arrival_plants_in_alcoves, layout_basic,
          minmay_misc_feat_more_columns
D:2:      layout_basic
D:3:      layout_loops_cross, ebering_ecumenical_altar_webs,
          biasface_ghost_orc_armoury, nrook_mini_vaults
D:4:      layout_basic, general_overflow_altar, nicolae_ashenzari_panopticon,
          vehumet_crystals

Skill      XL: |  1  2  3  4 |
---------------+-------------+-----
Unarmed Combat | 4 5 |  5.3
Spellcasting   | 2 |  2.4
Fighting       | |  1.0
Dodging        | |  2.1

Action                   |  1- 3 |  4- 6 || total
-------------------------+-------+-------++-------
Melee: Unarmed           |   140 |    67 ||   207
       Headbutt          |    17 |    11 ||    28
       Punch             |     2 |     4 ||     6
Throw: Stone             |    25 |     7 ||    32
       Dart              |       |     9 ||     9
 Cast: Beastly Appendage |    42 |    19 ||    61
       Wereblood         |     1 |       ||     1
       Corona            |    12 |     2 ||    14
       Poisonous Vapours |       |     7 ||     7
  Use: Scroll            |     2 |     2 ||     4
       Potion            |     1 |     2 ||     3
 Stab: Sleeping          |     1 |       ||     1
Armor: Robe              |    35 |     6 ||    41
Dodge: Dodged            |   106 |    47 ||   153

Table legend: (Time is in decaauts)
 A = Elapsed time spent in this place.
 B = Non-inter-level travel time spent in this place.
 C = Inter-level travel time spent in this place.
 D = Time resting spent in this place.
 E = Time spent auto-exploring this place.
 F = Levels seen in this place.
 G = Mean time per level.
                   A        B        C        D        E       F      G
               +--------+--------+--------+--------+--------+-----+--------+
         Total |   5122 |   4938 |    184 |   1693 |   2208 |   4 | 1280.5 |
       Dungeon |   5122 |   4938 |    184 |   1693 |   2208 |   4 | 1280.5 |
               +--------+--------+--------+--------+--------+-----+--------+

Top non-repeatable levels by time:
     D:1: 1956 daAuts
     D:3: 1582 daAuts
     D:2: 1469 daAuts
     D:4: 114 daAuts
